 Dungeon Crawl Stone Soup version 0.27.1-34-g3ba077fa99 (webtiles) character file.

Game seed: 13771087488088798838

739 belegose the Magician (level 7, -4/36 HPs)
             Began as a Deep Elf Fire Elementalist on Jan 27, 2022.
             Slain by a scorpion (5 damage)
             ... on level 4 of the Dungeon.
             The game lasted 00:19:45 (6451 turns).

belegose the Magician (Deep Elf Fire Elementalist)  Turns: 6451, Time: 00:19:45

Health: -4/36      AC:  3    Str:  6 (7)  XL:     7   Next: 46%
Magic:  13/17      EV: 13    Int: 18 (20) God:
Gold:   154        SH:  0    Dex: 12 (15) Spells: 9/17 levels left

rFire    . . .     SeeInvis .   d - +1 dagger (speed)
rCold    + . .     Faith    .   (no shield)
rNeg     + . .     Spirit   .   m - +0 robe
rPois    .         Reflect  .   (no helmet)
rElec    .         Harm     .   (no cloak)
rCorr    +         Rampage  .   q - +0 pair of gloves
Will     .....                  (no boots)
Stlth    +++.......             (no amulet)
HPRegen  0.12/turn              n - ring "Voicesu" {rN+ rCorr}
MPRegen  0.15/turn              p - ring of protection from cold

@: no status effects
A: no striking features
a: no special abilities


You were on level 4 of the Dungeon.
You visited 1 branch of the dungeon, and saw 5 of its levels.

You collected 154 gold pieces.

Inventory:

Hand Weapons
 d - a +1 dagger of speed (weapon)
 g - a +1 whip of draining
Missiles
 o - 13 poisoned darts
Armour
 m - a +0 robe (worn)
 q - a +0 pair of gloves (worn)
Jewellery
 n - the ring "Voicesu" (left hand) {rN+ rCorr}
   (You took it off a hobgoblin on level 4 of the Dungeon)

   [ring of resist corrosion]

   rN:        It protects you from negative energy.
   rCorr:     It protects you from acid and corrosion.
 p - a ring of protection from cold (right hand)
Scrolls
 a - a scroll of blinking {unknown}
 c - 4 scrolls of identify {unknown}
 f - 2 scrolls of teleportation {unknown}
 j - 4 scrolls of amnesia {unknown}
Potions
 b - a potion of might
 h - a potion of flight {unknown}
 i - a potion of heal wounds {unknown}
 k - 2 potions of degeneration
 l - a potion of brilliance {unknown}


   Skills:
 + Level 4.9 Dodging
 + Level 5.3 Stealth
 + Level 5.7 Spellcasting
 + Level 4.0 Conjurations
 + Level 5.2 Fire Magic


You had 9 spell levels left.
You knew the following spells:

 Your Spells              Type           Power      Damage    Failure   Level
a - Foxfire               Conj/Fire      84%        2x1d8     1%          1
b - Conjure Flame         Conj/Fire      21%        6-21      5%          3
c - Sticky Flame          Conj/Fire      21%        2d4       19%         4

Your spell library contained the following spells:

 Spells                   Type           Power      Damage    Failure   Level
 Inner Flame              Hex/Fire       14%        N/A       13%         3
 Fireball                 Conj/Fire      10%        3d6       45%         5


Dungeon Overview and Level Annotations

Branches:
Dungeon (5/15)
 Temple: D:4-7

Altars:
Cheibriados
Fedhas
Wu Jian
Xom

Shops:
D:2 (==


Message History

The foxfire hits the scorpion but does no damage.
The scorpion is moderately wounded.
The scorpion stings you!
* * * LOW HITPOINT WARNING * * *
You are more poisoned.
The scorpion poisons you!
Casting: Foxfire (safe; 1% risk of failure)
Confirm with . or Enter, or press ? or * to list all spells.
You conjure some foxfire!
* * * LOW HITPOINT WARNING * * *
You feel very sick.
The foxfire hits the scorpion.
The scorpion is heavily wounded.
The foxfire hits the scorpion.
The scorpion is heavily wounded.
The scorpion closely misses you.
* * * LOW HITPOINT WARNING * * *
You feel very sick.
The foxfire hits the scorpion!
The scorpion is almost dead.
The foxfire hits the scorpion.
The scorpion is almost dead.
You feel better. The scorpion stings you!
* * * LOW HITPOINT WARNING * * *
You aren't carrying any items that you can evoke.
It was a potion of might.
You feel very mighty all of a sudden.
The scorpion stings you but does no damage.
The scorpion misses you.
Your magical contamination has completely faded away.
It was a potion of degeneration.
There was something very wrong with that liquid.
You feel weakened.
You feel dopey.
You feel clumsy. The scorpion closely misses you.
It was a potion of cancellation.
Your magical effects are unravelling.
You feel magically purged.
You feel a little less mighty now. The scorpion stings you.
You die...

#.###.#..........#
###.##### #.#
#.####.####### #.......#
#.###.####.# #.#.###.#
#..........# #.#.###.#
###.############# #.#..##.#
#.# #.....# #.##.##.#
#.#######.....# #.......#
#.....>...[.s.#####.......#
#..#####[)...@#......#.##.#
#..#####.......8...8...##.#
#.....##.##.#.........###.#
##.##.##)##..8...>...8.##.#
#.##.##.####.............#
#.......#####.8...8..#####
####.###.#....)....#.###
#...#.#..#####.......# ####
#........# #.......###...


You could see a scorpion.

Vanquished Creatures
  A black bear (D:4)
  An ogre (D:5)
  A bullfrog (D:4)
  A scorpion (D:4)
  A water moccasin skeleton (D:4)
  A bullfrog skeleton (D:4)
  A centaur skeleton (D:5)
  Jessica (D:3)
  An orc wizard (D:4)
  2 iguanas (D:4)
  A hound skeleton (D:4)
  4 gnolls (D:4)
  4 adders
  A worm (D:2)
  A dart slug (D:2)
  21 orcs
  5 ball pythons
  4 endoplasms
  8 giant cockroaches
  10 goblins
  10 hobgoblins
  6 jackals
  10 kobolds
  12 quokkas
  7 bats
  2 frilled lizards
  7 rats
124 creatures vanquished.

Vanquished Creatures (collateral kills)
  A foxfire (D:3)
1 creature vanquished.

Vanquished Creatures (others)
  363 foxfires
  A plant (D:4)
364 creatures vanquished.

Grand Total: 489 creatures vanquished

Notes
Turn   | Place    | Note
-------+----------+-------------------------------------------
     0 | D:1      | belegose the Deep Elf Fire Elementalist began the quest for
                  | the Orb.
     0 | D:1      | Reached XP level 1. HP: 10/10 MP: 6/6
   278 | D:1      | Reached XP level 2. HP: 15/15 MP: 6/8
   880 | D:1      | Reached XP level 3. HP: 11/19 MP: 4/9
  2001 | D:2      | Found Puisuomoum's Antique Weapon Shop.
  2235 | D:2      | Reached XP level 4. HP: 24/24 MP: 8/11
  2374 | D:2      | Found Qetiodgho's Jewellery Shoppe.
  2427 | D:2      | Found Arygriaz's Jewellery Boutique.
  2438 | D:2      | Found a shimmering altar of Xom.
  2486 | D:2      | Learned a level 3 spell: Conjure Flame
  2725 | D:3      | Found a snail-covered altar of Cheibriados.
  3379 | D:3      | Noticed Jessica
  3388 | D:3      | Killed Jessica
  3471 | D:3      | Reached XP level 5. HP: 25/28 MP: 10/13
  4557 | D:4      | Reached XP level 6. HP: 32/32 MP: 9/14
  4685 | D:4      | Identified the ring "Voicesu" {rN+ rCorr}
  4885 | D:4      | Reached skill level 5 in Spellcasting
  5100 | D:4      | Learned a level 4 spell: Sticky Flame
  5273 | D:4      | Reached skill level 5 in Stealth
  5273 | D:4      | Reached XP level 7. HP: 36/36 MP: 8/16
  5896 | D:4      | Found a blossoming altar of Fedhas.
  5949 | D:4      | Reached skill level 5 in Fire Magic
  6009 | D:4      | Found an ornate altar of the Wu Jian Council.
  6231 | D:5      | Entered Level 5 of the Dungeon
  6448 | D:4      | HP: 1/36 [scorpion (7)]
  6451 | D:4      | Slain by a scorpion

Illustrated notes

Levels and vault maps discovered:
D:1:      minmay_arrival_split_and_join, layout_basic, minmay_crystal_room,
          minmay_tromino_i4
D:2:      layout_rooms, basic_altar, serial_shops, nicolae_shop_trees,
          nicolae_square_shop, shop
D:3:      layout_loops_ring, overflow_temple_1_default, serial_forest,
          infiniplex_forest_end_double, infiniplex_forest_clump_double,
          infiniplex_forest_straight_5, infiniplex_forest_pool,
          infiniplex_forest_end_2, kennysheep_jessica_study
D:4:      layout_loops_cross, mainiacjoe_overflow_boulevard,
          nicolae_wu_jian_glorious_leap, grunt_ministairs_2, minmay_bisected
D:5:      layout_rooms, temple_hall

Skill      XL: |  1  2  3  4  5  6  7 |
---------------+----------------------+-----
Stealth        | 3 4 5 |  5.3
Dodging        | 3 4 |  4.9
Conjurations   | 2 3 4 |  4.0
Fire Magic     | 4 5 |  5.2
Spellcasting   | 4 5 |  5.7

Action                   |  1- 3 |  4- 6 |  7- 9 || total
-------------------------+-------+-------+-------++-------
Melee: Unarmed           |     2 |       |       ||     2
       Dagger            |    35 |    66 |     1 ||   102
 Cast: Foxfire           |    62 |   109 |    35 ||   206
       Conjure Flame     |       |     2 |     3 ||     5
  Use: Potion            |       |       |     4 ||     4
 Stab: Sleeping          |     4 |     6 |       ||    10
Armor: Robe              |     6 |    10 |     3 ||    19
Dodge: Dodged            |    24 |    51 |    20 ||    95
